 Dungeon Sprint DCSS version 0.32-a0-900-g30fb1b0edc (webtiles) character file.

Game seed: 15029919977846667157

4900000 Griffin23 the Conqueror (level 27, -47/249 HPs)
             Began as a Formicid Cinder Acolyte on Apr 6, 2024.
             Was a High Priest of Ignis.
             Annihilated by a meat berserker
             ... wielding a +9 battleaxe
              (82 damage)
             ... in the Dungeon (Sprint VIII: "Arena of Blood").
             The game lasted 00:04:12 (49 turns).

Griffin23 the Conqueror (Formicid Cinder Acolyte)     Turns: 49, Time: 00:04:13

Health: -47/249    AC:  4    Str: 29    XL:     27
Magic:  11/54      EV: 18    Int: 16    God:    Ignis [*****.]
Gold:   0          SH:  0    Dex: 11    Spells: 80/80 levels left

rFire   + . .        f - +∞ Axe of Woe
rCold   . . .        (no shield)
rNeg    . . .        b - +0 robe
rPois   .            (helmet unavailable)
rElec   .            (no cloak)
rCorr   .            (no gloves)
SInv    +            (no boots)
Will    ++...        (no amulet)
Stlth   +++++++++    (no ring)
HPRegen 0.61/turn    (no ring)
MPRegen 0.34/turn

%: no passive effects
@: no status effects
A: permanent stasis, dig shafts and tunnels, antennae 3, four strong arms
a: Dig, Renounce Religion, Fiery Armour, Foxfire Swarm, Rising Flame


You were in the Dungeon.
You worshipped Ignis.
Ignis was extremely pleased with you.
You visited 1 branch

Inventory:

Hand Weapons
 a - a -1 hand axe of flaming
 f - the +∞ Axe of Woe (weapon)
   (You found it in the Dungeon)
Armour
 b - a +0 robe (worn)
Potions
 c - a potion of curing
 e - 2 potions of magic


   Skills:
 O Level 27 Fighting
 + Level 21.0(24.3) Short Blades
 + Level 21.0(24.3) Long Blades
 O Level 27 Axes
 + Level 21.0(27) Maces & Flails
 + Level 21.0(27) Polearms
 + Level 21.0(27) Staves
 + Level 21.0 Ranged Weapons
 + Level 21.0 Throwing
 + Level 22.7 Armour
 + Level 19.4 Dodging
 + Level 26.3 Stealth
 + Level 26.3 Shields
 + Level 21.0 Unarmed Combat
 O Level 27 Spellcasting
 + Level 21.5 Conjurations
 + Level 24.5 Hexes
 + Level 21.0 Summonings
 + Level 21.0 Necromancy
 + Level 19.5 Translocations
 O Level 27 Fire Magic
 + Level 21.0 Ice Magic
 + Level 18.0 Air Magic
 + Level 24.4 Earth Magic
 + Level 26.3 Alchemy
 + Level 26.9 Invocations
 + Level 25.0 Evocations
 + Level 23.2 Shapeshifting


You had 80 spell levels left.
You didn't know any spells.
Your spell library contained the following spells:

 Spells                   Type           Power      Damage    Failure   Level
 Scorch                   Fire           100%       2d9       0%          2


Dungeon Overview and Level Annotations

Branches:
Dungeon (1/1)

Altars:
Makhleb

Annotations:
D The Servant


Innate Abilities, Weirdness & Mutations

You cannot be hasted, slowed, berserked, paralysed or teleported.
You can dig through walls and to a lower floor.
You have a pair of large antennae on your head. (SInv)
Your four strong arms can wield two-handed weapons with a shield.


Message History

You hear a shout!
A sculptor of flesh comes into view. It is wielding a +9 great sword.
The bag of meat is engulfed in blazing flames.
The destroyer points at you and mumbles some strange words.
The destroyer blinks!
You hear a shout!
Your base Short Blades skill increases to level 21!
Your base Long Blades skill increases to level 21!
Your base Maces & Flails skill increases to level 21!
Your base Polearms skill increases to level 21!
Your base Staves skill increases to level 21!
Your Ranged Weapons skill increases to level 21!
Your Throwing skill increases to level 21!
Your Stealth skill increases to level 26!
Your Shields skill increases to level 26!
Your Unarmed Combat skill increases to level 21!
Your Hexes skill increases to level 24!
Your Summonings skill increases to level 21!
Your Necromancy skill increases to level 21!
Your Ice Magic skill increases to level 21!
Your Air Magic skill increases to level 18!
Your Earth Magic skill increases to level 24!
Your Alchemy skill increases to level 26!
Your Evocations skill increases to level 25!
Your Shapeshifting skill increases to level 23!
You slice the bag of meat!!
You butcher the bag of meat messily.
You kill the bag of meat!
You hit the bag of meat. You chop the bag of meat into pieces.
You kill the bag of meat!
You hit the destroyer. You chop the destroyer into pieces.
You destroy the destroyer!
You are engulfed in blazing flames.
You resist.
* * * LOW HITPOINT WARNING * * *
You hear a shout!
A meat berserker comes into view. It is wielding a +9 battleaxe.
A large bag of meat comes into view. It is wielding a +9 giant spiked club.
A bag of meat comes into view. It is wielding a +9 war axe. x2
The meat berserker hits you with a +9 battleaxe!!!!
You die...
Ignis goes out, and joins you in death.

.#..... .......
..#....,....o.O
....#...,...§Lo.
.......o{zz.o...
......ooVMooo....
..o..ozo#oooO...#{{
..#..o.O#o..o...#{{
...{{.##@O.o...z###.
.....ooO°).###......
...#..)@O)O._......
#.......#o....#
oO........_)<._#
.#...o.o.#)....#
...#..z....._.O....
......o....###Oo....
......###... ..###.


You could see an accursed, a tyrant (fast), The Servant, 5 sculptors of flesh, 5
large bags of meat, 5 meat berserkers and 26 bags of meat.

Vanquished Creatures
  10 vampire knights (D)
  18 ogres (D)
  4 two-headed ogres (D)
  59 orcs (D)
91 creatures vanquished.

Notes
Turn   | Place    | Note
-------+----------+-------------------------------------------
     0 | D        | Found the +∞ Axe of Woe
     0 | D        | Griffin23 the Formicid Cinder Acolyte began the quest for
                  | the Orb.
     0 | D        | Reached XP level 1. HP: 18/18 MP: 2/2
     1 | D        | Noticed a meat berserker
     2 | D        | Noticed a bag of meat
     2 | D        | Noticed a bag of meat
     4 | D        | Killed a bag of meat
     5 | D        | Reached skill level 15 in Axes
     5 | D        | Reached XP level 2. HP: 46/46 MP: 2/5
     5 | D        | Reached XP level 3. HP: 52/52 MP: 2/7
     5 | D        | Reached XP level 4. HP: 59/59 MP: 2/8
     5 | D        | Reached XP level 5. HP: 66/66 MP: 2/9
     5 | D        | Reached XP level 6. HP: 73/73 MP: 2/10
     5 | D        | Reached XP level 7. HP: 79/79 MP: 2/11
     5 | D        | Reached XP level 8. HP: 86/86 MP: 2/12
     5 | D        | Reached XP level 9. HP: 92/92 MP: 2/13
     5 | D        | Reached XP level 10. HP: 100/100 MP: 2/14
     5 | D        | Reached XP level 11. HP: 106/106 MP: 2/15
     5 | D        | Killed a meat berserker
     6 | D        | Reached XP level 12. HP: 122/122 MP: 2/17
     6 | D        | Reached XP level 13. HP: 129/129 MP: 2/18
     6 | D        | Noticed a bag of meat
     6 | D        | Noticed a bag of meat
     6 | D        | Noticed a meat berserker
     6 | D        | Noticed a meat berserker
     6 | D        | Noticed a meat berserker
     7 | D        | Noticed a bag of meat
     8 | D        | Noticed a bag of meat
     9 | D        | Noticed a bag of meat
     9 | D        | Noticed a bag of meat
    10 | D        | Noticed a large bag of meat
    10 | D        | Noticed a meat berserker
    11 | D        | Killed a bag of meat
    11 | D        | Killed a bag of meat
    12 | D        | Reached XP level 14. HP: 138/141 MP: 3/19
    12 | D        | Noticed a meat berserker
    12 | D        | Killed a meat berserker
    12 | D        | Noticed a bag of meat
    12 | D        | Noticed a meat berserker
    13 | D        | Killed a meat berserker
    13 | D        | Noticed a meat berserker
    14 | D        | Reached XP level 15. HP: 154/156 MP: 3/21
    14 | D        | Killed a meat berserker
    14 | D        | Noticed a meat berserker
    15 | D        | Reached skill level 27 in Fighting
    15 | D        | Killed a meat berserker
    16 | D        | Reached skill level 27 in Axes
    16 | D        | Reached XP level 16. HP: 165/167 MP: 3/25
    17 | D        | Reached skill level 15 in Spellcasting
    17 | D        | Reached skill level 27 in Fire Magic
    18 | D        | Reached XP level 17. HP: 173/174 MP: 3/39
    18 | D        | Killed a meat berserker
    18 | D        | Noticed a destroyer
    18 | D        | Noticed a destroyer
    19 | D        | Noticed a meat berserker
    19 | D        | Killed a meat berserker
    20 | D        | Reached skill level 27 in Spellcasting
    20 | D        | Killed a meat berserker
    20 | D        | Noticed a destroyer
    21 | D        | Reached XP level 18. HP: 182/182 MP: 4/49
    21 | D        | Killed a meat berserker
    21 | D        | Noticed a large bag of meat
    21 | D        | Noticed a meat berserker
    22 | D        | Reached skill level 5 in Armour
    22 | D        | Reached skill level 5 in Hexes
    22 | D        | Reached skill level 5 in Earth Magic
    22 | D        | Reached skill level 5 in Evocations
    22 | D        | Reached skill level 5 in Shapeshifting
    23 | D        | Reached skill level 5 in Short Blades
    23 | D        | Reached skill level 5 in Long Blades
    23 | D        | Reached skill level 5 in Maces & Flails
    23 | D        | Reached skill level 5 in Polearms
    23 | D        | Reached skill level 5 in Staves
    23 | D        | Reached skill level 5 in Ranged Weapons
    23 | D        | Reached skill level 5 in Throwing
    23 | D        | Reached skill level 5 in Unarmed Combat
    23 | D        | Reached skill level 5 in Conjurations
    23 | D        | Reached skill level 5 in Summonings
    23 | D        | Reached skill level 5 in Necromancy
    23 | D        | Reached skill level 5 in Ice Magic
    23 | D        | Killed a destroyer
    23 | D        | Killed a destroyer
    24 | D        | Reached XP level 19. HP: 189/189 MP: 5/50
    24 | D        | Killed a large bag of meat
    24 | D        | Killed a destroyer
    25 | D        | Reached skill level 10 in Hexes
    25 | D        | Reached skill level 10 in Earth Magic
    25 | D        | Reached skill level 10 in Evocations
    25 | D        | Reached XP level 20. HP: 170/197 MP: 5/51
    25 | D        | Killed a large bag of meat
    26 | D        | Reached skill level 10 in Armour
    26 | D        | Reached skill level 10 in Conjurations
    26 | D        | Noticed a meat berserker
    27 | D        | Killed a meat berserker
    28 | D        | Reached skill level 10 in Short Blades
    28 | D        | Reached skill level 10 in Long Blades
    28 | D        | Reached skill level 10 in Polearms
    28 | D        | Reached skill level 10 in Ranged Weapons
    28 | D        | Reached skill level 10 in Dodging
    28 | D        | Reached skill level 10 in Unarmed Combat
    28 | D        | Reached skill level 10 in Translocations
    28 | D        | Reached skill level 10 in Ice Magic
    28 | D        | Reached XP level 21. HP: 88/204 MP: 6/52
    28 | D        | Noticed a large bag of meat
    30 | D        | Reached skill level 15 in Stealth
    30 | D        | Reached skill level 15 in Shields
    30 | D        | Reached skill level 10 in Air Magic
    30 | D        | Reached skill level 15 in Alchemy
    30 | D        | Reached skill level 15 in Invocations
    31 | D        | Reached skill level 15 in Evocations
    31 | D        | Reached XP level 22. HP: 87/212 MP: 6/53
    31 | D        | Killed a meat berserker
    31 | D        | Noticed a destroyer
    32 | D        | Reached skill level 15 in Hexes
    32 | D        | Reached skill level 15 in Earth Magic
    33 | D        | Killed a meat berserker
    33 | D        | Noticed a meat berserker
    33 | D        | Noticed a large bag of meat
    34 | D        | Reached skill level 15 in Shapeshifting
    34 | D        | Killed a destroyer
    34 | D        | Killed a large bag of meat
    35 | D        | Reached skill level 15 in Conjurations
    35 | D        | Reached XP level 23. HP: 79/219 MP: 7/54
    35 | D        | Noticed a destroyer
    37 | D        | Reached skill level 15 in Short Blades
    37 | D        | Reached skill level 15 in Long Blades
    37 | D        | Reached skill level 15 in Maces & Flails
    37 | D        | Reached skill level 15 in Polearms
    37 | D        | Reached skill level 15 in Staves
    37 | D        | Reached skill level 15 in Ranged Weapons
    37 | D        | Reached skill level 15 in Throwing
    37 | D        | Reached skill level 15 in Unarmed Combat
    37 | D        | Reached skill level 15 in Summonings
    37 | D        | Reached skill level 15 in Necromancy
    37 | D        | Reached skill level 15 in Ice Magic
    37 | D        | Reached XP level 24. HP: 96/227 MP: 8/54
    37 | D        | Noticed a destroyer
    37 | D        | Noticed a destroyer
    39 | D        | Reached skill level 15 in Dodging
    39 | D        | Reached skill level 15 in Translocations
    39 | D        | Noticed a destroyer
    39 | D        | Noticed a destroyer
    40 | D        | Noticed The Servant
    41 | D        | Killed a destroyer
    41 | D        | Noticed a large bag of meat
    41 | D        | Noticed a large bag of meat
    42 | D        | Reached XP level 25. HP: 90/234 MP: 9/54
    42 | D        | Noticed a destroyer
    42 | D        | Killed a destroyer
    43 | D        | Reached skill level 15 in Air Magic
    43 | D        | Reached XP level 26. HP: 94/242 MP: 9/54
    44 | D        | Killed a large bag of meat
    44 | D        | Killed a destroyer
    44 | D        | Killed a destroyer
    45 | D        | Noticed an accursed
    45 | D        | Killed a destroyer
    45 | D        | Noticed a tyrant
    46 | D        | Reached XP level 27. HP: 56/249 MP: 10/54
    47 | D        | Noticed a destroyer
    47 | D        | Noticed a large bag of meat
    48 | D        | Noticed a large bag of meat
    49 | D        | Killed a destroyer
    49 | D        | Noticed a large bag of meat
    49 | D        | Annihilated by a meat berserker

Illustrated notes

Levels and vault maps discovered:
D:        meatsprint

Skill      XL: |  1  2  3  4  5  6  7  8  9 10 11 12 13 14 15 16 17 18 19 20 21 22 23 24 25 26 27 |
---------------+----------------------------------------------------------------------------------+-----
Fighting       | 16 20 22 25 27 | 27.0
Axes           | 15 19 21 25 27 | 27.0
Spellcasting   | 2 3 4 6 18 27 | 27.0
Fire Magic     | 14 18 20 22 26 27 | 27.0
Short Blades   | 3 7 8 10 12 14 15 17 18 20 21 | 21.0
Long Blades    | 3 7 8 10 12 14 15 17 18 20 21 | 21.0
Maces & Flails | 3 7 8 11 12 14 15 17 18 20 21 | 21.0
Polearms       | 3 7 8 10 12 14 15 17 18 20 21 | 21.0
Staves         | 3 7 8 11 12 14 15 17 18 20 21 | 21.0
Ranged Weapons | 3 7 8 10 12 14 15 17 18 20 21 | 21.0
Throwing       | 3 7 8 11 12 14 15 17 18 20 21 | 21.0
Armour         | 3 7 9 11 13 16 18 19 21 22 | 22.7
Dodging        | 3 6 7 10 11 13 14 15 16 18 19 | 19.4
Stealth        | 4 9 11 14 15 18 19 21 23 25 26 | 26.3
Shields        | 4 9 11 14 15 18 19 21 23 25 26 | 26.3
Unarmed Combat | 3 7 8 10 12 14 15 17 18 20 21 | 21.0
Conjurations   | 3 7 8 11 12 15 17 18 20 21 | 21.5
Hexes          | 4 8 10 12 14 17 18 20 21 23 24 | 24.5
Summonings     | 3 7 8 11 12 14 15 17 18 20 21 | 21.0
Necromancy     | 3 7 8 11 12 14 15 17 18 20 21 | 21.0
Translocations | 3 6 7 10 11 13 14 16 18 19 | 19.5
Ice Magic      | 3 7 8 10 12 14 15 17 18 20 21 | 21.0
Air Magic      | 2 6 7 9 10 12 13 14 15 17 18 | 18.0
Earth Magic    | 4 8 10 12 14 17 18 20 21 23 24 | 24.4
Alchemy        | 4 9 11 14 15 18 19 21 23 25 26 | 26.3
Invocations    | 4 9 11 14 16 19 20 22 23 25 26 | 26.9
Evocations     | 4 8 10 13 15 17 18 20 21 23 25 | 25.0
Shapeshifting  | 3 8 9 12 13 16 17 19 20 22 23 | 23.2

Action                     |  1- 3 |  4- 6 |  7- 9 | 10-12 | 13-15 | 16-18 | 19-21 | 22-24 | 25-27 || total
---------------------------+-------+-------+-------+-------+-------+-------+-------+-------+-------++-------
  Melee: Executioner's axe |     1 |       |       |     1 |     5 |     8 |     6 |     9 |     8 ||    38
Ability: Dig               |       |       |       |       |     1 |       |       |     1 |       ||     2
    Use: Potion            |       |       |       |       |       |       |       |     1 |       ||     1
 Armour: Robe              |       |       |       |       |       |       |     8 |     6 |     8 ||    22

Table legend: (Time is in decaauts)
 A = Elapsed time spent in this place.
 B = Non-inter-level travel time spent in this place.
 C = Inter-level travel time spent in this place.
 D = Time resting spent in this place.
 E = Time spent auto-exploring this place.
 F = Levels seen in this place.
 G = Mean time per level.
                   A        B        C        D        E       F      G
               +--------+--------+--------+--------+--------+-----+--------+
         Total |     39 |     39 |      0 |      0 |      0 |   1 |   39.0 |
       Dungeon |     39 |     39 |      0 |      0 |      0 |   1 |   39.0 |
               +--------+--------+--------+--------+--------+-----+--------+

Top non-repeatable levels by time:
       D: 39 daAuts
